 Dungeon Crawl Stone Soup version 0.17-a0-2127-g1cb09f6 (webtiles) character file.

856 Ijustatesigmund the Sneak (level 8, -3/62 HPs)
             Began as a Naga Wizard on Oct 23, 2015.
             Slain by an ice beast (8 damage)
             ... on level 5 of the Dungeon.
             The game lasted 00:35:32 (7258 turns).

Ijustatesigmund the Sneak (Naga Wizard)             Turns: 7258, Time: 00:35:33

Health: -3/62      AC:  6    Str: 10    XL:     8   Next: 2%
Magic:  3/12       EV:  9    Int: 20    God:
Gold:   154        SH:  0    Dex: 10    Spells: 5 memorised, 3 levels left

rFire  . . .     SeeInvis +     k - +0 dagger
rCold  . . .     Clarity  .     a - +0 robe
rNeg   . . .     SustAt   .     (no shield)
rPois  +         Gourm    .     h - +1 helmet {SInv}
rElec  .         Spirit   .     (no cloak)
rCorr  .         Warding  .     e - +0 pair of gloves
rMut   .         Stasis   .     (no barding)
MR     +....                    (no amulet)
Stlth  ++++......               (no ring)
                                o - ring of flight

@: very slightly contaminated, repel missiles, very slow, somewhat resistant to
hostile enchantments, stealthy
A: see invisible, deformed body, poison resistance, slowness 2, slow metabolism
1, spit poison 2, AC +2
a: Spit Poison, Evoke Flight


You were on level 5 of the Dungeon.
You were hungry.

You visited 1 branch of the dungeon, and saw 5 of its levels.
You also visited: Ossuary.

You collected 274 gold pieces.
You spent 120 gold pieces at shops.

Inventory:

Hand Weapons
 k - a +0 dagger (weapon)
Armour
 a - a +0 robe (worn)
 e - a +0 pair of gloves (worn)
 h - a +1 helmet of see invisible (worn)
 q - a +0 shield
Jewellery
 o - a ring of flight (left hand)
 p - an uncursed amulet of faith
Wands
 f - a wand of paralysis (10)
 m - a wand of frost (21)
Scrolls
 l - 2 scrolls of remove curse
 r - a scroll of amnesia
Potions
 g - a potion of curing {unknown}
 i - a potion of flight
 j - a potion of cancellation
 t - a potion of resistance
Books
 c - a book of Minor Magic

   Spells                             Type                      Level
   a - Magic Dart                     Conjuration                  1
   b - Blink                          Translocation                2
   c - Call Imp                       Summoning                    2
   d - Repel Missiles                 Charms/Air                   2
   e - Slow                           Hexes                        2
   f - Conjure Flame                  Conjuration/Fire             3
   g - Mephitic Cloud                 Conjuration/Poison/Air       3
Comestibles
 b - a meat ration
 d - 5 bread rations


   Skills:
 - Level 2.0 Short Blades
 - Level 1.5 Dodging
 + Level 6.7 Stealth
 - Level 3.0 Spellcasting
 + Level 5.0 Conjurations
 - Level 1.0 Summonings
 - Level 1.0 Translocations
 + Level 3.9 Air Magic
 - Level 4.2 Poison Magic


You had 3 spell levels left.
You knew the following spells:

 Your Spells              Type           Power        Failure   Level  Hunger
a - Magic Dart            Conj           ###.         1%          1    None
b - Blink                 Tloc           N/A          17%         2    ##.....
c - Repel Missiles        Chrm/Air       ##....       12%         2    ##.....
d - Mephitic Cloud        Conj/Pois/Air  ###.....     10%         3    ###....
e - Call Imp              Summ           #.......     17%         2    ##.....


Dungeon Overview and Level Annotations

Branches:
Dungeon (5/15)
 Temple: D:4-7

Altars:
Elyvilon
Fedhas
Makhleb
Qazlal

Shops:
D:5 *

Annotations:
D:4 B1inky's ghost, amateur DsBe


Innate Abilities, Weirdness & Mutations

You cannot wear boots.
Your serpentine skin is tough (AC +2).
You have supernaturally acute eyesight.
Armour fits poorly on your strangely shaped body.
Your system is resistant to poisons.
You cover ground very slowly.
You have a slow metabolism.
You can spit poison.


Message History

You blink.
The ice beast hits you but does no damage.
The ice beast closely misses you.
Casting: Blink
Confirm with . or Enter, or press ? or * to list all spells.
A beastly little devil appears in a puff of frigid air.
The ice beast completely misses you.
You closely miss the ice beast.
Your white imp hits the ice beast.
Your white imp freezes the ice beast.
The ice beast completely resists.
The ice beast hits you but does no damage.
Your white imp barely misses the ice beast.
The ice beast hits you. The ice beast freezes you!
Your white imp closely misses the ice beast.
The ice beast hits you. The ice beast freezes you!
* * * LOW HITPOINT WARNING * * *
Drink which item? (? for menu, Esc to quit)
It was a potion of poison.
You feel slightly nauseous. The ice beast hits you.
* * * LOW HITPOINT WARNING * * *
The ice beast freezes you!
You die...

###....#########.................
.................................
##........######....####.........
#.#.#.##.# #.#.## ##.......#
#.###.##.# #.### ##.....##
#.#*#.##.# #.# ##..(## #.#*..##.#
#.# ##'## #.#*.###.# #.# #.#
*#.##.* #.# #@# ###*###.##
*#.#*,**#.# #Y# #..,,....#
**,,,,,,..# #5# #.####..(##
*****,***** *#.## #........)#
*****,* *#.#.## #.#.......#
,,,,,,* #.###.###.#.......#*
******* ##,#.........#...... *
*#.#####.#.###...## * ##*
#.....,...#


You could see an ice beast and a friendly white imp.

Vanquished Creatures
  An ogre (D:4)
  A phantom (D:4)
  A centaur (D:4)
  A giant frog (D:3)
  2 orc priests
  3 orc wizards (D:4)
  2 worker ants
  A hound (D:2)
  A centaur skeleton (D:4)
  Terence (D:2)
  4 big kobold zombies (Ossuary)
  2 mummies (Ossuary)
  5 adders
  2 oozes
  An adder skeleton (D:5)
  4 worms
  6 giant geckos
  16 orcs
  4 giant cockroaches
  3 gnoll zombies (Ossuary)
  6 hobgoblins
  5 jackals
  2 quokkas (D:4)
  2 ball pythons
  10 bats
  2 giant newts
  7 goblins
  3 goblin zombies (Ossuary)
  A hobgoblin zombie (Ossuary)
  A jackal zombie (D:5)
  10 kobolds
  11 rats
121 creatures vanquished.

Notes
Turn   | Place    | Note
--------------------------------------------------------------
     0 | D:1      | Ijustatesigmund the Naga Wizard began the quest for the Orb.
     0 | D:1      | Reached XP level 1. HP: 15/15 MP: 4/4
   524 | D:1      | Reached XP level 2. HP: 22/22 MP: 4/6
   723 | D:1      | Learned a level 2 spell: Blink
   726 | D:1      | Learned a level 2 spell: Repel Missiles
  1449 | D:2      | Reached skill level 4 in Stealth
  1460 | D:2      | Reached XP level 3. HP: 24/28 MP: 2/7
  1465 | D:2      | Learned a level 3 spell: Mephitic Cloud
  1527 | D:2      | Noticed Terence
  1559 | D:2      | Killed Terence
  1739 | D:2      | Found a stormy altar of Qazlal.
  1803 | D:2      | Reached XP level 4. HP: 36/36 MP: 1/8
  1912 | D:2      | Found a burning altar of Makhleb.
  1935 | D:2      | Reached skill level 5 in Stealth
  2016 | D:2      | Reached skill level 1 in Poison Magic
  2130 | D:2      | Reached skill level 1 in Air Magic
  2516 | D:3      | Reached XP level 5. HP: 42/42 MP: 0/9
  2929 | D:3      | Found a blossoming altar of Fedhas.
  2931 | D:3      | Found a stormy altar of Qazlal.
  3581 | D:3      | Noticed a giant frog
  3588 | D:3      | Killed a giant frog
  3588 | D:3      | Reached skill level 6 in Stealth
  3588 | D:3      | Reached XP level 6. HP: 28/49 MP: 0/10
  4268 | D:4      | Reached skill level 1 in Short Blades
  4376 | D:4      | Reached XP level 7. HP: 12/55 MP: 0/11
  4392 | D:4      | HP: 2/55 [poisoned by a centaur]
  4399 | D:4      | HP: 2/55 [poisoned by a centaur]
  4407 | D:4      | HP: 1/55 [poisoned by a centaur]
  4959 | D:4      | Found a white marble altar of Elyvilon.
  5532 | D:4      | Noticed B1inky's ghost (amateur DsBe)
  5920 | D:5      | Entered Level 5 of the Dungeon
  5925 | D:5      | Learned a level 2 spell: Call Imp
  5964 | D:5      | Found a sand-covered staircase.
  5974 | Ossuary  | Entered an ossuary
  6917 | D:5      | Found Guacvac's Assorted Antiques.
  6922 | D:5      | Bought a grey potion for 18 gold pieces
  6922 | D:5      | Bought a fuming grey potion for 18 gold pieces
  6922 | D:5      | Bought a long brass wand for 84 gold pieces
  6964 | D:5      | Reached skill level 5 in Conjurations
  6964 | D:5      | Reached XP level 8. HP: 56/62 MP: 1/12
  7258 | D:5      | Slain by an ice beast

Vault maps used:
D:1:      dpeg_arrival_round_c
D:2:      makhleb_heckhound_becter, first_bread,
          nicolae_qazlal_general_emergency, uniq_terence
D:3:      grunt_temple_overflow_forces_of_nature
D:4:      elyvilon_altar_1, st_stairs_7
D:5:      nicolae_ru_path_of_blood, vehumet_statue, serial_shops,
          nicolae_shop_crystal, enter_ossuary_2
Ossuary:  minmay_ossuary_gauntlet

Action                   |  1- 3 |  4- 6 |  7- 9 || total
-------------------------+-------+-------+-------++-------
Melee: Unarmed           |    11 |       |       ||    11
       Whip              |    11 |       |       ||    11
       Dagger            |    34 |   111 |   141 ||   286
 Cast: Magic Dart        |    57 |   129 |   135 ||   321
       Repel Missiles    |     1 |     1 |       ||     2
       Mephitic Cloud    |     2 |    10 |     3 ||    15
       Blink             |       |       |     6 ||     6
       Call Imp          |       |       |     2 ||     2
  Use: Scroll            |     3 |     6 |     6 ||    15
       Potion            |       |     1 |     5 ||     6
 Stab: Sleeping          |     2 |     1 |     2 ||     5
       Confused          |     2 |     3 |     1 ||     6
  Eat: Chunk             |     2 |     5 |     3 ||    10
       Royal jelly       |       |     1 |       ||     1
       Bread ration      |       |       |     1 ||     1
